 Dungeon Crawl Stone Soup version 0.28-a0-845-gfc338a8e3c (webtiles) character file.

Game seed: 5343146161517080062

2077 jbasstz the Cleaver (level 9, -2/75 HPs)
             Began as a Minotaur Gladiator on Nov 12, 2021.
             Was a Believer of Qazlal.
             Slain by a killer bee (8 damage)
             ... on level 5 of the Dungeon.
             The game lasted 00:31:55 (6275 turns).

jbasstz the Cleaver (Minotaur Gladiator)            Turns: 6275, Time: 00:31:56

Health: -2/75      AC: 12    Str: 22    XL:     9   Next: 6%
Magic:  8/8        EV:  9    Int: 11    God:    Qazlal [**....]
Gold:   312        SH:  3    Dex: 12    Spells: 8/8 levels left

rFire   . . .      SeeInvis .   a - +0 war axe
rCold   . . .      Faith    .   (no shield)
rNeg    . . .      Spirit   .   y - +0 chain mail
rPois   .          Reflect  .   c - +0 hat
rElec   .          Harm     .   (no cloak)
rCorr   +          Rampage  .   (no gloves)
Will    .....                   x - +0 pair of boots
Stlth   ..........              (no amulet)
HPRegen 0.22/turn               u - ring of resist corrosion
MPRegen 0.11/turn               l - +6 ring of intelligence

@: lethally poisoned (-2 -> -6)
A: horns 2, retaliatory headbutt
a: Renounce Religion, Upheaval


You were on level 5 of the Dungeon.
You worshipped Qazlal.
Qazlal was pleased with you.
You visited 1 branch of the dungeon, and saw 5 of its levels.

You collected 312 gold pieces.

Inventory:

Hand Weapons
 a - a +0 war axe (weapon)
 A - a +0 whip of freezing
 E - a +2 scythe of freezing
Missiles
 d - 2 throwing nets (quivered)
 h - 68 stones
 q - 37 sling bullets
Armour
 b - a +0 leather armour
 c - a +0 hat (worn)
 t - a +0 leather armour
 x - a +0 pair of boots (worn)
 y - a +0 chain mail (worn)
Jewellery
 l - a +6 ring of intelligence (right hand)
 u - a ring of resist corrosion (left hand)
Scrolls
 g - 2 scrolls of amnesia {unknown}
 m - a scroll of enchant weapon {unknown}
 n - 3 scrolls of identify {unknown}
 o - a scroll of fog {unknown}
 p - a scroll of magic mapping {unknown}
 s - a scroll of enchant armour {unknown}
 w - a scroll of teleportation {unknown}
 B - a scroll of fear {unknown}
 C - a scroll of noise {unknown}
 F - a scroll of brand weapon {unknown}
 G - a scroll of summoning {unknown}
Potions
 e - 2 potions of brilliance {unknown}
 f - a potion of heal wounds {unknown}
 i - 2 potions of might {unknown}
 j - a potion of mutation {unknown}
 k - 2 potions of curing {unknown}
 r - 2 potions of ambrosia {unknown}
 v - 2 potions of attraction {unknown}
 z - a potion of degeneration {unknown}
 D - a potion of lignification {unknown}


   Skills:
 + Level 5.7 Fighting
 + Level 9.9 Axes
 + Level 2.7 Throwing
 + Level 7.7 Armour
 + Level 4.8 Dodging
 + Level 1.2 Stealth
 + Level 1.4 Shields


You had 8 spell levels left.
You didn't know any spells.
Your spell library contained the following spells:

 Spells                   Type           Power      Damage    Failure   Level
 Fulminant Prism          Conj/Hex       0%         3d6       100%        4
 Iskenderun's Mystic Bla  Conj/Tloc      0%         2d3       100%        4
 Leda's Liquefaction      Hex/Erth       0%         N/A       100%        4
 Summon Lightning Spire   Summ/Air       0%         N/A       100%        4
 Lee's Rapid Deconstruct  Erth           0%         3d5*      100%        5
 Statue Form              Tmut/Erth      0%         N/A       100%        6
 Storm Form               Tmut/Air       0%         N/A       100%        7
 Maxwell's Capacitive Co  Air            0%         ∞         100%        8


Dungeon Overview and Level Annotations

Branches:
Dungeon (5/15)             Temple (0/1) D:4

Altars:
Okawaru
Qazlal
Ru
Trog
Wu Jian
Yredelemnul

Shops:
D:1 (

Annotations:
D:5 Ijyb


Innate Abilities, Weirdness & Mutations

You have a pair of horns on your head.
You reflexively headbutt those who attack you in melee.


Message History

The killer bee stings you.
You are more poisoned.
The killer bee poisons you!
You miss the killer bee.
You hit the killer bee but do no damage.
You feel very sick. The killer bee closely misses you.
The killer bee stings you but does no damage.
The killer bee stings you.
The killer bee stings you but does no damage.
You hit the killer bee.
The killer bee is moderately wounded.
You hit the killer bee but do no damage.
You feel sick. The killer bee closely misses you.
The killer bee stings you but does no damage.
The killer bee stings you. The killer bee stings you!
You closely miss the killer bee. Your headbutt misses the killer bee.
The killer bee is moderately wounded.
You closely miss the killer bee.
You feel sick.
The killer bee stings you but does no damage.
The killer bee stings you!
The killer bee stings you but does no damage.
The killer bee stings you.
You are more poisoned.
The killer bee poisons you!
You feel very sick.
The killer bee stings you but does no damage. x2
You feel sick.
The killer bee stings you but does no damage.
You feel sick.
The killer bee stings you but does no damage.
You feel sick. The killer bee stings you.
* * * LOW HITPOINT WARNING * * *
The killer bee stings you but does no damage.
You feel sick.
The killer bee stings you but does no damage.
The killer bee stings you!
* * * LOW HITPOINT WARNING * * *
You feel sick. The killer bee stings you!
You die...

#..........†.....#
#...###....#.....#
#...###....#.......
#..........#.......
#..........'.......
#..........#.......
#....###...#.......
#....###...#.....##
#.@........# ....
#y☼######### ##.
#.y# ##8##
#..##8...8
#..##.....
#..#_.....
#†.##.....
#..##8)..8 #..#
##8##


You could see 2 killer bees.

Vanquished Creatures
  Pikel (D:3)
  Sigmund (D:5)
  5 yaks
  An ice beast (D:5)
  An ogre (D:4)
  3 lemures (D:4)
  A scorpion (D:5)
  3 jellies (D:5)
  A killer bee (D:5)
  A hound (D:5)
  A bullfrog skeleton (D:5)
  2 iguanas
  An orc wizard (D:5)
  Robin (D:2)
  6 adders
  A gnoll (D:1)
  A white imp (D:5)
  2 worms
  A dart slug (D:3)
  5 orcs
  4 ball pythons
  7 endoplasms
  2 giant cockroaches (D:3)
  18 goblins
  14 hobgoblins
  7 jackals
  9 kobolds
  6 quokkas
  3 bats
  4 frilled lizards
  9 rats
  15 bushes (D:3)
137 creatures vanquished.

Notes
Turn   | Place    | Note
-------+----------+-------------------------------------------
     0 | D:1      | jbasstz the Minotaur Gladiator began the quest for the Orb.
     0 | D:1      | Reached XP level 1. HP: 18/18 MP: 0/0
    31 | D:1      | Reached XP level 2. HP: 19/25 MP: 1/1
   242 | D:1      | Reached skill level 4 in Axes
   457 | D:1      | Reached XP level 3. HP: 24/31 MP: 2/2
   689 | D:1      | Found Muexticynn's Antique Weapon Shop.
  1022 | D:2      | Found a stormy altar of Qazlal.
  1047 | D:2      | Became a worshipper of Qazlal Stormbringer
  1059 | D:2      | Noticed Robin
  1246 | D:2      | Killed Robin
  1247 | D:2      | Reached skill level 1 in Armour
  1247 | D:2      | Reached XP level 4. HP: 19/38 MP: 3/3
  1841 | D:2      | Reached * piety under Qazlal
  2122 | D:3      | Reached skill level 5 in Axes
  2264 | D:3      | Reached XP level 5. HP: 43/45 MP: 4/4
  2401 | D:3      | Found a bloodstained altar of Trog.
  3046 | D:4      | Noticed an ogre
  3058 | D:4      | Killed an ogre
  3246 | D:4      | Found a basalt altar of Yredelemnul.
  3253 | D:4      | Noticed a lemure
  3254 | D:4      | Noticed a lemure
  3254 | D:4      | Noticed Pikel
  3269 | D:4      | Noticed a lemure
  3272 | D:4      | Killed a lemure
  3273 | D:4      | Noticed a lemure
  3294 | D:5      | Entered Level 5 of the Dungeon
  3294 | D:5      | Noticed Ijyb
  3310 | D:4      | Found a staircase to the Ecumenical Temple.
  3313 | D:4      | Killed a lemure
  3555 | D:4      | Killed a lemure
  3846 | D:3      | Killed Pikel
  3847 | D:3      | Reached skill level 6 in Axes
  3847 | D:3      | Reached XP level 6. HP: 27/52 MP: 5/5
  3847 | D:3      | Reached XP level 7. HP: 31/59 MP: 6/6
  4108 | D:4      | Found an ornate altar of the Wu Jian Council.
  4109 | D:4      | Found a sacrificial altar of Ru.
  4222 | D:4      | Reached skill level 7 in Axes
  4438 | D:5      | Noticed a yak
  4438 | D:5      | Noticed a yak
  4438 | D:5      | Noticed a yak
  4440 | D:5      | Noticed a yak
  4441 | D:5      | Noticed a yak
  4447 | D:5      | Reached skill level 5 in Armour
  4460 | D:3      | Killed a yak
  4680 | D:3      | Killed a yak
  4681 | D:3      | Reached skill level 1 in Stealth
  4681 | D:3      | Reached XP level 8. HP: 31/67 MP: 7/7
  4867 | D:4      | Reached skill level 8 in Axes
  4867 | D:4      | Reached skill level 1 in Shields
  4891 | D:3      | HP: 1/67 [yak (13)]
  4894 | D:2      | Reached skill level 5 in Fighting
  5307 | D:5      | Reached ** piety under Qazlal
  5358 | D:5      | Noticed Sigmund
  5683 | D:5      | Killed Sigmund
  5684 | D:5      | Reached skill level 9 in Axes
  6152 | D:5      | Reached XP level 9. HP: 65/75 MP: 8/8
  6258 | D:5      | Found an iron altar of Okawaru.
  6275 | D:5      | Slain by a killer bee

Illustrated notes

Levels and vault maps discovered:
D:1:      lightli_arrival_maybe_door_vault, layout_loops_ring, serial_shops,
          shop
D:2:      wad_crossroads, layout_basic, basic_altar, uniq_robin
D:3:      layout_rooms, mainiacjoe_overflow_cross_hatched
D:4:      layout_cave_pools, yredelemnul_altar_generic,
          chequers_temple_overflow_statue_of_worship, temple_fountains,
          uniq_pikel
D:5:      layout_gridville, mainiacjoe_overflow_two_lobes,
          makhleb_grotto_becter, nicolae_overflow_hidden_temple, uniq_duvessa,
          uniq_sigmund, uniq_ijyb

Skill      XL: |  1  2  3  4  5  6  7  8 |
---------------+-------------------------+-----
Axes           | 4 5 6 7 9 |  9.9
Fighting       | 3 4 5 |  5.7
Armour         | 1 2 4 5 7 |  7.7
Dodging        | 4 |  4.8
Stealth        | 1 |  1.2
Shields        | 1 |  1.4
Throwing       | |  2.7

Action                   |  1- 3 |  4- 6 |  7- 9 || total
-------------------------+-------+-------+-------++-------
Melee: War axe           |    87 |   600 |   121 ||   808
       Headbutt          |    12 |   224 |    31 ||   267
Throw: Throwing net      |       |     1 |       ||     1
Armor: Leather armour    |    22 |       |       ||    22
       Ring mail         |    10 |    18 |       ||    28
       Chain mail        |       |    20 |    71 ||    91
Dodge: Dodged            |    72 |    71 |    46 ||   189
Block: Other             |       |     4 |     9 ||    13

Table legend: (Time is in decaauts)
 A = Elapsed time spent in this place.
 B = Non-inter-level travel time spent in this place.
 C = Inter-level travel time spent in this place.
 D = Time resting spent in this place.
 E = Time spent auto-exploring this place.
 F = Levels seen in this place.
 G = Mean time per level.
                   A        B        C        D        E       F      G
               +--------+--------+--------+--------+--------+-----+--------+
         Total |   6464 |   6464 |      0 |   2470 |   1857 |   5 | 1292.8 |
       Dungeon |   6464 |   6464 |      0 |   2470 |   1857 |   5 | 1292.8 |
               +--------+--------+--------+--------+--------+-----+--------+

Top non-repeatable levels by time:
     D:3: 1820 daAuts
     D:2: 1680 daAuts
     D:1: 1175 daAuts
     D:4: 1003 daAuts
     D:5: 785 daAuts
